 Dungeon Crawl Stone Soup version 0.22.0-60-ga52c2fc (console) character file.

215 bli the Insei (level 5, -5/42 HPs)
             Began as a Demonspawn Monk on Sept 9, 2018.
             Was a Believer of Makhleb.
             Slain by Sigmund
             ... wielding a +5 scythe
              (7 damage)
             ... on level 4 of the Dungeon.
             The game lasted 00:10:32 (3073 turns).

bli the Insei (Demonspawn Monk)                     Turns: 3073, Time: 00:10:33

Health: -5/42      AC:  2    Str: 12    XL:     5   Next: 60%
Magic:  5/5        EV: 14    Int: 11    God:    Makhleb [**....]
Gold:   220        SH:  6    Dex: 16    Spells: 4/4 levels left

rFire    . . .     SeeInvis .     - Unarmed
rCold    + . .     Gourm    .   (no shield)
rNeg     . . .     Faith    .   p - +0 robe (curse)
rPois    .         Spirit   .   (helmet restricted)
rElec    .         Reflect  .   (no cloak)
rCorr    .         Harm     .   (no gloves)
MR       .....                  (no boots)
Stlth    ++........             (no amulet)
HPRegen  0.14/turn              (no ring)
MPRegen  0.09/turn              (no ring)

@: no status effects
A: horns 1, large bone plates 2, cold resistance 1
a: Minor Destruction, Renounce Religion


You were on level 4 of the Dungeon.
You worshipped Makhleb.
Makhleb was pleased with you.
You were not hungry.

You visited 1 branch of the dungeon, and saw 4 of its levels.

You collected 220 gold pieces.

Inventory:

Hand Weapons
 d - a cursed +0 short sword
 q - a +0 dagger of protection
Armour
 a - a +0 robe
 p - a cursed +0 robe (worn)
Magical Staves
 j - an uncursed staff of earth {unknown}
Wands
 n - a wand of polymorph (9)
Scrolls
 c - a scroll of random uselessness {unknown}
 e - 3 scrolls of remove curse {unknown}
 g - 3 scrolls of amnesia {unknown}
 h - 4 scrolls of identify {unknown}
 k - a scroll of magic mapping {unknown}
 l - a scroll of noise {unknown}
 o - a scroll of blinking {unknown}
Potions
 f - 3 potions of might {unknown}
 i - a potion of brilliance {unknown}
 m - a potion of magic {unknown}
Comestibles
 b - 8 rations


   Skills:
 * Level 4.1 Fighting
 + Level 3.2 Dodging
 + Level 1.8 Stealth
 * Level 4.7 Unarmed Combat
 + Level 0.9 Invocations


You had 4 spell levels left.
You didn't know any spells.
Your spell library was empty.

Dungeon Overview and Level Annotations

Branches:
Dungeon (4/15)
 Temple: D:4-7

Altars:
Makhleb

Annotations:
D:4 3 runed doors, Sigmund; Ymberto's ghost, amateur NaTm


Innate Abilities, Weirdness & Mutations

You have a pair of small horns on your head.
You are mostly covered in large bone plates. (SH +6)
Your flesh is cold resistant. (rC+)


Message History

Aim: Sigmund, wielding an enchanted scythe and wearing a robe The stone arrow hits Sigmund.
Sigmund is moderately wounded.
Sigmund misses you.
Sigmund gestures wildly while chanting.
Sigmund flickers and vanishes!
Deactivating autopickup; reactivate with Ctrl-A.
Press: ? - help, Shift-Dir - straight line, f - worm
Aim: a worm The worm resists with some effort.
You hit the worm.
The worm is moderately wounded.
You hit the worm.
The worm is heavily wounded.
The hobgoblin hits you from afar with a scythe!
* * * LOW HITPOINT WARNING * * *
The worm bites you!
* * * LOW HITPOINT WARNING * * *
Something hits you!
You die...

$....###
......######### #
...............#
#.##..............
#............^....
...$..............
....(.............
.................#
.....###.{g.....#
#!. ###w....## .##
. #@....## ......
##......## <......
#......... .......
##...>.....
......##
####....####..
#......###.....###
# #........>..##
#.........###
#......####
#.(..### #....##


You could see a worm and a hobgoblin.

Vanquished Creatures
  Natasha (twice) (D:3)
  Robin (D:3)
  8 adders
  A worm (D:3)
  2 dart slugs (D:2)
  4 leopard geckos
  5 orcs (D:3)
  A ball python (D:1)
  2 giant cockroaches
  14 goblins
  6 hobgoblins
  3 jackals (D:2)
  7 kobolds
  6 bats
  8 rats
70 creatures vanquished.

Notes
Turn   | Place    | Note
-------+----------+-------------------------------------------
     0 | D:1      | bli the Demonspawn Monk began the quest for the Orb.
     0 | D:1      | Reached XP level 1. HP: 18/18 MP: 1/1
   412 | D:1      | Gained mutation: You have a pair of small horns on your
                  | head. [demonic ancestry]
   412 | D:1      | Reached XP level 2. HP: 24/24 MP: 2/2
  1104 | D:2      | Gained mutation: You are partially covered in large bone
                  | plates. (SH +4) [demonic ancestry]
  1104 | D:2      | Reached XP level 3. HP: 21/29 MP: 3/3
  1553 | D:2      | Found a burning altar of Makhleb.
  1561 | D:2      | Became a worshipper of Makhleb the Destroyer
  1561 | D:2      | Reached * piety under Makhleb
  1561 | D:2      | Reached ** piety under Makhleb
  1615 | D:2      | Gained mutation: You are mostly covered in large bone
                  | plates. (SH +6) [demonic ancestry]
  1615 | D:2      | Reached XP level 4. HP: 13/37 MP: 4/4
  2149 | D:3      | Noticed Natasha
  2152 | D:3      | Killed Natasha
  2164 | D:3      | Gained mutation: Your flesh is cold resistant. (rC+)
                  | [demonic ancestry]
  2164 | D:3      | Reached XP level 5. HP: 25/42 MP: 5/5
  2266 | D:3      | Noticed Robin
  2290 | D:3      | Killed Robin
  2899 | D:3      | Noticed Natasha
  2910 | D:3      | Killed Natasha
  2910 | D:3      | Reached *** piety under Makhleb
  3018 | D:4      | Found a runed gate.
  3021 | D:4      | Noticed Ymberto's ghost (amateur NaTm)
  3024 | D:4      | Found a runed gate.
  3024 | D:4      | Found a runed gate.
  3059 | D:4      | Noticed Sigmund
  3073 | D:4      | HP: 2/42 [worm (7)]
  3073 | D:4      | Slain by Sigmund

Skill      XL: |  1  2  3  4  5 |
---------------+----------------+-----
Unarmed Combat | 3 4 |  4.7
Dodging        | 3 |  3.2
Fighting       | 4 |  4.1
Stealth        | |  1.8
Invocations    | |  0.9

Action                   |  1- 3 |  4- 6 || total
-------------------------+-------+-------++-------
Melee: Unarmed           |   105 |   127 ||   232
       Headbutt          |    13 |    17 ||    30
       Punch             |       |     6 ||     6
Invok: Minor Destruction |     1 |    13 ||    14
 Stab: Sleeping          |     2 |     4 ||     6
  Eat: Chunk             |     2 |     5 ||     7
Armor: Robe              |    11 |     8 ||    19
Dodge: Dodged            |    59 |    61 ||   120
Block: Other             |     5 |    26 ||    31
